 Dungeon Crawl Stone Soup version 0.21.1-1-g345015f (webtiles) character file.

17429 rz the Cleaver (level 12, -16/109 (110) HPs)
             Began as a Minotaur Berserker on Apr 2, 2018.
             Was the Champion of Trog.
             Demolished by a freezing wraith (22 damage)
             ... led by a death knight
             ... on level 12 of the Dungeon.
             The game lasted 00:30:33 (12836 turns).

rz the Cleaver (Minotaur Berserker)                Turns: 12836, Time: 00:30:34

HP:   -16/109 (110) AC: 22    Str: 25    XL:     12   Next: 18%
MP:   0/11          EV: 14    Int:  4    God:    Trog [******]
Gold: 533           SH:  0    Dex: 12    Spells: 11/11 levels left

rFire    . . .     SeeInvis .   y - +2 battleaxe (freeze)
rCold    . . .     Gourm    .   (shield currently unavailable)
rNeg     . . .     Faith    .   N - +2 plate armour {rPois}
rPois    +         Spirit   +   (helmet restricted)
rElec    .         Reflect  .   (no cloak)
rCorr    .         Harm     .   O - +1 pair of gloves
MR       .....                  (no boots)
Stlth    ..........             q - amulet of guardian spirit
HPRegen  0.28/turn              C - +2 ring of evasion
MPRegen  0.12/turn              b - +3 ring of protection

@: no status effects
A: retaliatory headbutt, horns 2
a: Berserk, Trog's Hand, Brothers in Arms, Burn Spellbooks, Renounce Religion


You were on level 12 of the Dungeon.
You worshipped Trog.
Trog was exalted by your worship.
You were not hungry.

You visited 1 branch of the dungeon, and saw 12 of its levels.

You collected 698 gold pieces.
You spent 165 gold pieces at shops.

Inventory:

Hand Weapons
 j - a +3 great mace of protection
 m - a +1 hand axe of electrocution
 r - a +0 hand axe of flaming
 y - a +2 battleaxe of freezing (weapon)
 K - a +1 battleaxe
 M - a +1 antimagic broad axe
Missiles
 G - an exploding tomahawk (quivered)
 H - 11 tomahawks
Armour
 B - the +6 chain mail of Mental Paralysis {rF+}
   (You found it on level 11 of the Dungeon)

   It protects you from fire.
 D - a +0 pair of gloves of archery
 N - a +2 plate armour of poison resistance (worn)
 O - a +1 pair of gloves (worn)
Jewellery
 b - a +3 ring of protection (right hand)
 h - an uncursed ring of flight
 o - an uncursed ring of see invisible
 q - an amulet of guardian spirit (around neck)
 C - a +2 ring of evasion (left hand)
Wands
 t - a wand of acid (30)
 x - a wand of flame (71)
 J - a wand of paralysis (12)
Scrolls
 f - 7 scrolls of remove curse
 g - 2 scrolls of fog
 l - 4 scrolls of enchant armour
 n - a scroll of amnesia
 s - 7 scrolls of teleportation
 E - 2 scrolls of random uselessness
 L - a scroll of enchant weapon
Potions
 a - a potion of lignification {unknown}
 d - 4 potions of resistance
 e - 2 potions of haste
 k - 6 potions of brilliance
 p - a potion of mutation {unknown}
 u - 2 potions of curing
 v - 2 potions of magic {unknown}
 w - 3 potions of degeneration {unknown}
 A - 2 potions of might
 F - a potion of ambrosia {unknown}
 P - a potion of flight {unknown}
 Q - 2 potions of berserk rage {unknown}
Miscellaneous
 I - a phantom mirror
Comestibles
 c - 22 rations
 i - 2 chunks of flesh


   Skills:
 + Level 11.3 Fighting
 * Level 14.9 Axes
 + Level 10.9 Armour
 + Level 10.2 Dodging


You had 11 spell levels left.
You didn't know any spells.

Dungeon Overview and Level Annotations

Branches:
Dungeon (12/15)            Temple (0/1) D:5            Lair (0/6) D:11
    Orc: D:9-12

Altars:
Dithmenos
Gozag
Kikubaaqudgha
Makhleb
Okawaru
Qazlal
Ru
Trog
Uskayaw
Xom
Yredelemnul
The Shining One

Shops:
D:8 *   D:9 [


Innate Abilities, Weirdness & Mutations

You reflexively headbutt those who attack you in melee.
You have a pair of horns on your head.


Message History

The very large slime creature closely misses you.
You furiously retaliate!
You headbutt the very large slime creature!
The orc hits you but does no damage. The freezing wraith misses you. x2
You completely miss the orc. Your headbutt misses the orc.
The orc is severely wounded.
You slash the death knight! You freeze the death knight.
You barely miss the freezing wraith.
You slash the very large slime creature!
You freeze the very large slime creature.
You hit the freezing wraith. The freezing wraith misses you.
You furiously retaliate!
You headbutt the freezing wraith! The freezing wraith barely misses you.
The death knight offers itself to Yredelemnul, and fills with unholy energy.
The very large slime creature hits you!!
* * * LOW HITPOINT WARNING * * *
The orc closely misses you. The freezing wraith hits you.
* * * LOW HITPOINT WARNING * * *
The freezing wraith freezes you!!
You die...

.#......(........
..................
#..............#..
................#
................#
.....?......o...#
.........zZ.....#
.......((pWJ....#
.......(.o@W....#
#....[(((((....##
##.....##((...##
###### #######


You could see a death knight, a skeletal warrior, a very large slime creature, 2
freezing wraiths, 2 orcs and a bullfrog zombie.

Vanquished Creatures
  Erolcha (D:10)
  Harold (D:10)
  3 hydras (D:11)
  A centaur warrior (D:10)
  A two-headed ogre (D:11)
  2 cyclopes
  2 ugly things
  2 centaur zombies
  A troll (D:10)
  The ghost of Noreply the Chopper, an amateur DrBe of Trog (D:4)
  A slime creature (D:12)
  Prince Ribbit (D:8)
  2 dream sheep (D:11)
  3 hippogriffs
  Sigmund (D:6)
  Eustachio (D:6)
  2 wyverns (D:11)
  5 yaks
  2 basilisks (D:11)
  A steam dragon (D:11)
  A hungry ghost (D:11)
  Duvessa (D:6)
  11 orc warriors
  4 sky beasts
  An ice beast (D:6)
  2 necrophages
  A black bear (D:10)
  4 ogres
  9 centaurs
  2 crocodiles (D:11)
  4 big kobolds (D:11)
  Blork the orc (D:6)
  10 bullfrogs
  Dowan (D:6)
  3 scorpions
  The ghost of rz the Chopper, a weakling MiBe of Trog (D:3)
  7 wights
  5 killer bees (D:11)
  6 howler monkeys
  5 crimson imps
  3 quasits
  3 jellies
  11 orc priests
  2 bullfrog skeletons
  2 hounds
  A gnoll shaman (D:3)
  8 iguanas
  12 orc wizards
  11 worker ants
  A killer bee zombie (D:8)
  A worker ant zombie (D:10)
  A howler monkey zombie (D:5)
  3 gnolls (D:4)
  9 adders
  6 shadow imps
  An ooze (D:6)
  3 adder skeletons
  An adder zombie (D:5)
  7 worms
  3 dart slugs
  4 leopard geckos
  63 orcs
  3 giant cockroaches
  6 goblins
  7 hobgoblins
  6 jackals
  2 quokkas
  11 bats
  11 kobolds
  A leopard gecko skeleton (D:4)
  7 rats
323 creatures vanquished.

Notes
Turn   | Place    | Note
-------+----------+-------------------------------------------
     0 | D:1      | rz the Minotaur Berserker began the quest for the Orb.
     0 | D:1      | Reached XP level 1. HP: 19/19 MP: 0/0
   231 | D:1      | Reached skill level 4 in Axes
   257 | D:1      | Reached XP level 2. HP: 15/27 MP: 1/1
   912 | D:2      | Reached ** piety under Trog
   955 | D:2      | Found a stormy altar of Qazlal.
   956 | D:2      | Noticed an earth elemental
   959 | D:2      | Reached XP level 3. HP: 33/33 MP: 2/2
   968 | D:2      | Noticed a fire elemental
   972 | D:2      | Noticed a water elemental
   972 | D:2      | Noticed an air elemental
  1027 | D:2      | Found an iron altar of Okawaru.
  1211 | D:2      | Found a burning altar of Makhleb.
  1340 | D:3      | Noticed rz's ghost (weakling MiBe)
  1349 | D:3      | Killed rz's ghost
  1349 | D:3      | Reached skill level 5 in Axes
  1349 | D:3      | Reached XP level 4. HP: 40/40 MP: 3/3
  1389 | D:3      | Noticed a bullfrog
  1397 | D:3      | Killed a bullfrog
  1397 | D:3      | Reached XP level 5. HP: 41/47 MP: 4/4
  1511 | D:3      | Noticed a hand axe
  1516 | D:3      | Noticed a dagger
  1585 | D:3      | Found a hide-covered altar of Uskayaw.
  2600 | D:4      | Reached XP level 6. HP: 43/55 MP: 5/5
  2605 | D:4      | Reached skill level 6 in Axes
  2835 | D:4      | Noticed Noreply's ghost (amateur DrBe)
  2852 | D:4      | Killed Noreply's ghost
  2852 | D:4      | Reached skill level 5 in Fighting
  2958 | D:4      | Reached XP level 7. HP: 36/61 MP: 6/6
  3170 | D:4      | Found a transporter.
  3283 | D:4      | Found a transporter.
  3353 | D:4      | Reached skill level 7 in Axes
  3394 | D:4      | Found a shadowy altar of Dithmenos.
  3413 | D:5      | Entered Level 5 of the Dungeon
  4327 | D:5      | Reached *** piety under Trog
  4350 | D:5      | Reached skill level 5 in Armour
  4913 | D:5      | Found a staircase to the Ecumenical Temple.
  5053 | D:5      | Reached XP level 8. HP: 70/70 MP: 7/7
  5084 | D:5      | Reached skill level 8 in Axes
  5134 | D:5      | Found a basalt altar of Yredelemnul.
  5339 | D:6      | Reached skill level 5 in Dodging
  5502 | D:6      | Found a sacrificial altar of Ru.
  5807 | D:6      | Reached skill level 9 in Axes
  6221 | D:6      | Noticed Sigmund
  6254 | D:6      | Killed Sigmund
  6254 | D:6      | Reached **** piety under Trog
  6344 | D:6      | Noticed Duvessa
  6345 | D:6      | Noticed Dowan
  6357 | D:6      | Killed Duvessa
  6357 | D:6      | Reached XP level 9. HP: 73/79 MP: 6/8
  6364 | D:6      | Killed Dowan
  6534 | D:6      | Reached skill level 10 in Axes
  6703 | D:6      | Noticed Blork the orc
  6709 | D:6      | Killed Blork the orc
  6842 | D:6      | Noticed Eustachio
  6867 | D:6      | Killed Eustachio
  7626 | D:7      | Found a bloodstained altar of Trog.
  7627 | D:7      | Found an opulent altar of Gozag.
  7786 | D:7      | Noticed a moth of wrath
  7818 | D:7      | Found a bloodstained altar of Trog.
  7928 | D:7      | Reached ***** piety under Trog
  8127 | D:8      | Reached skill level 11 in Axes
  8131 | D:8      | Noticed Prince Ribbit
  8149 | D:8      | Killed Prince Ribbit
  8200 | D:8      | Reached XP level 10. HP: 38/90 MP: 6/9
  8563 | D:8      | Found Ekennopa's General Store.
  9182 | D:9      | Found Cula Cobu's Antique Armour Boutique.
  9195 | D:9      | Reached skill level 12 in Axes
  9196 | D:9      | Received a gift from Trog
  9212 | D:9      | Bought a pair of runed gloves for 165 gold pieces
  9334 | D:10     | Entered Level 10 of the Dungeon
  9350 | D:10     | Noticed a centaur warrior
  9355 | D:10     | Killed a centaur warrior
  9766 | D:10     | Noticed Erolcha
  9775 | D:10     | Paralysed by Erolcha for 4 turns
  9779 | D:10     | Killed Erolcha
  9866 | D:10     | Reached XP level 11. HP: 90/99 MP: 10/10
  9948 | D:10     | Noticed Harold
  9960 | D:10     | Killed Harold
  9960 | D:10     | Reached skill level 10 in Fighting
  9960 | D:10     | Reached skill level 13 in Axes
 10722 | D:11     | Noticed a red ugly thing
 10734 | D:10     | Killed a red ugly thing
 10952 | D:11     | Noticed a two-headed ogre
 10961 | D:11     | Killed a two-headed ogre
 10961 | D:11     | Reached skill level 10 in Armour
 11084 | D:11     | Noticed a three-headed hydra
 11136 | D:11     | Got a dazzling chain mail
 11137 | D:11     | Identified the +6 chain mail of Mental Paralysis {rF+} (You found it on level 11 of the Dungeon)
 11165 | D:11     | Noticed an eight-headed hydra
 11232 | D:11     | Killed a ten-headed hydra
 11501 | D:11     | Found a glowing golden altar of the Shining One.
 11503 | D:11     | Found a shimmering altar of Xom.
 11503 | D:11     | Found a hide-covered altar of Uskayaw.
 11505 | D:11     | Found a stormy altar of Qazlal.
 11505 | D:11     | Found an ancient bone altar of Kikubaaqudgha.
 11505 | D:11     | Found an opulent altar of Gozag.
 11516 | D:11     | Reached skill level 14 in Axes
 12042 | D:11     | Noticed an eight-headed hydra
 12047 | D:11     | Killed an eight-headed hydra
 12103 | D:11     | Noticed a green ugly thing
 12110 | D:11     | Killed a green ugly thing
 12194 | D:11     | Killed a three-headed hydra
 12320 | D:11     | Reached XP level 12. HP: 100/110 MP: 11/11
 12346 | D:11     | Reached skill level 10 in Dodging
 12366 | D:11     | Found a staircase to the Lair.
 12693 | D:11     | Received a gift from Trog
 12815 | D:12     | Noticed a death knight
 12833 | D:12     | Reached ****** piety under Trog
 12836 | D:12     | Demolished by a freezing wraith

Skill      XL: |  1  2  3  4  5  6  7  8  9 10 11 12 |
---------------+-------------------------------------+-----
Axes           | 4 5 6 7 9 11 12 14 | 14.9
Fighting       | 4 5 6 7 8 9 11 | 11.3
Armour         | 3 4 5 6 8 9 10 | 10.9
Dodging        | 3 4 6 7 8 9 10 | 10.2

Action                   |  1- 3 |  4- 6 |  7- 9 | 10-12 || total
-------------------------+-------+-------+-------+-------++-------
Melee: Hand axe          |    50 |    98 |   400 |    25 ||   573
       Headbutt          |     8 |    12 |    82 |    69 ||   171
       Battleaxe         |       |       |       |   289 ||   289
Invok: Berserk           |     1 |     1 |     4 |     7 ||    13
Evoke: Wand              |       |       |    12 |    14 ||    26
  Use: Scroll            |       |       |     2 |    25 ||    27
       Potion            |       |       |       |     7 ||     7
  Eat: Chunk             |     1 |     6 |    18 |    18 ||    43
       Ration            |       |       |     1 |     2 ||     3
Armor: Animal skin       |     6 |       |       |       ||     6
       Plate armour      |    14 |    57 |   154 |   298 ||   523
Dodge: Dodged            |    23 |    36 |   162 |   309 ||   530
